 Dungeon Crawl Stone Soup version 0.28-a0-529-g3bad584f25 (webtiles) character file.

Game seed: 18244323005809849786

443 toffzen the Skirmisher (level 7, -5/55 HPs)
             Began as a Djinni Cinder Acolyte on Sept 24, 2021.
             Was a High Priest of Ignis.
             Slain by an orc warrior (17 damage)
             ... on level 3 of the Dungeon.
             The game lasted 00:06:51 (4330 turns).

toffzen the Skirmisher (Djinni Cinder Acolyte)      Turns: 4330, Time: 00:06:51

Health: -5/55      AC:  3    Str: 13    XL:     7   Next: 23%
Gold:   173        EV: 11    Int: 18    God:    Ignis [*****.] SH:  0 Dex:  8

rFire   + + +      SeeInvis .   a - +2 hand axe (elec)
rCold   x . .      Faith    .   (no shield)
rNeg    . . .      Spirit   .   b - +0 robe
rPois   ∞          Reflect  .   (no helmet)
rElec   .          Harm     .   i - +0 cloak
rCorr   .          Rampage  .   (no gloves)
Will    .....                   (boots unavailable)
Stlth   +.........              (no amulet)
HPRegen 0.18/turn               (no ring)
MPRegen 0.00/turn               (no ring)

@: flying
A: sickness immunity, fire resistance 2, cold vulnerability 1, float, innate
caster, hp casting, extra vitality 1
a: Renounce Religion, Sea of Fire, Foxfire Swarm, Rising Flame


You were on level 3 of the Dungeon.
You worshipped Ignis.
Ignis was extremely pleased with you.
You visited 1 branch of the dungeon, and saw 4 of its levels.

You collected 173 gold pieces.

Inventory:

Hand Weapons
 a - a +2 hand axe of electrocution (weapon)
 n - a -1 falchion of flaming
Missiles
 c - 32 stones
Armour
 b - a +0 robe (worn)
 i - a +0 cloak (worn)
Wands
 l - a wand of mindburst (12)
 o - a wand of iceblast (7)
 p - a wand of flame (17)
Potions
 d - 2 potions of curing
 e - a potion of lignification
 g - a potion of brilliance
 j - a potion of might
 k - a potion of attraction
 q - a potion of flight {unknown}


   Skills:
 + Level 5.8 Fighting
 - Level 2.6 Long Blades
 + Level 4.4 Spellcasting


You had 7 spell levels left.
You knew the following spells:

 Your Spells              Type           Power      Damage    Failure   Level
a - Scorch                Fire           40%        2d7       3%          2
b - Summon Small Mammal   Summ           80%        N/A       2%          1
c - Ensorcelled Hibernat  Hex/Ice        40%        N/A       3%          2
d - Call Imp              Summ           20%        N/A       3%          2
Your spell library was empty.

Dungeon Overview and Level Annotations

Branches:
Dungeon (4/15)
 Temple: D:4-7

Altars:
Dithmenos
Wu Jian


Innate Abilities, Weirdness & Mutations

You are immune to sickness and miasma.
You are immune to poison.
Your flesh is very heat resistant. (rF++)
You are vulnerable to cold. (rC-)
You float through the air rather than walking.
You learn spells naturally, not from books.
Your magical power is your life essence.
You have superior vitality. (+4 HP)


Message History

The orc warrior is lightly wounded.
The orc warrior's fire resistance burns away.
The orc wizard mumbles some strange words.
The orc wizard flickers and vanishes!
Deactivating autopickup; reactivate with Ctrl-A.
There is a stone staircase leading up here.
Casting: Scorch (safe; 3% risk of failure)
Confirm with . or Enter, or press ? or * to list all spells.
Flames lash the orc warrior.
The orc warrior is burned terribly!
The orc warrior is lightly wounded.
An orc comes into view. It is wielding a +0 club.
The orc warrior is no longer more vulnerable to fire.
The orc warrior grunts loudly.
You fly upwards.
Reactivating autopickup.
There is a stone staircase leading down here.
Casting: Scorch (safe; 3% risk of failure)
Confirm with . or Enter, or press ? or * to list all spells.
Flames lash the orc warrior.
The orc warrior is moderately wounded.
The orc warrior's fire resistance burns away.
The orc warrior hits you with a +0 long sword.
Casting: Scorch (safe; 3% risk of failure)
Confirm with . or Enter, or press ? or * to list all spells.
Flames lash the orc warrior.
The orc warrior is burned terribly!
The orc warrior is severely wounded.
The orc warrior hits you with a +0 long sword!
Casting: Scorch (safe; 3% risk of failure)
Confirm with . or Enter, or press ? or * to list all spells.
Flames lash the orc warrior but do no damage.
The orc warrior hits you with a +0 long sword!
* * * LOW HITPOINT WARNING * * *
Casting: Scorch (safe; 3% risk of failure)
Confirm with . or Enter, or press ? or * to list all spells.
Flames lash the orc warrior.
The orc warrior is burned terribly!
The orc warrior is almost dead.
* * * LOW HITPOINT WARNING * * *
The orc warrior is no longer more vulnerable to fire.
The orc warrior hits you with a +0 long sword!
You die...

.#########.........##............
.........#.......................
########.#.....#.................
.#...#...#.......................
.#.#.#.#.#.........#)#.####......
.#.#(#.#.#.......###.#.####......
.#.#.#.#.#...........#...##.####.
.#.#.#.#.#.....#o##..###.##.#####
.#.#.#.#.....(.+@................
.#.#.#.#.......####..###.##.##...
...#...#.####### #..###.##......
########.#### #..#....+......
............# #..#.#.##......
####........# ##...........)..
####........## #...#.....#####.
.............# #...#.#...# #.
#.....####...# #...###########.


You could see an orc warrior.

Vanquished Creatures
  An ice beast (D:3)
  An ogre (D:3)
  A scorpion (D:3)
  Natasha (thrice) (D:3)
  5 adders
  2 worms
  A dart slug (D:2)
  6 orcs
  6 endoplasms
  2 giant cockroaches (D:2)
  8 hobgoblins
  4 jackals (D:3)
  2 quokkas
  7 ball pythons
  6 bats
  4 frilled lizards
  9 goblins
  2 kobolds
  6 rats
76 creatures vanquished.

Notes
Turn   | Place    | Note
-------+----------+-------------------------------------------
     0 | D:1      | toffzen the Djinni Cinder Acolyte began the quest for the
                  | Orb.
     0 | D:1      | Reached XP level 1. HP: 20/20 MP: 0/0
   307 | D:1      | Reached XP level 2. HP: 24/25 MP: 0/0
   899 | D:2      | Reached XP level 3. HP: 26/30 MP: 0/0
   899 | D:2      | Learned a level 1 spell: Summon Small Mammal
  1400 | D:2      | Reached XP level 4. HP: 32/37 MP: 0/0
  1548 | D:2      | Reached skill level 4 in Fighting
  2676 | D:3      | Found a faded altar of an unknown god.
  2676 | D:3      | Noticed an ogre
  2701 | D:3      | Killed an ogre
  2702 | D:3      | Reached XP level 5. HP: 42/42 MP: 0/0
  2702 | D:3      | Learned a level 2 spell: Ensorcelled Hibernation
  2829 | D:3      | Reached skill level 5 in Fighting
  2829 | D:3      | Reached XP level 6. HP: 40/49 MP: 0/0
  2894 | D:3      | Noticed Natasha
  2907 | D:3      | Killed Natasha
  3308 | D:3      | Noticed Natasha
  3317 | D:3      | Killed Natasha
  3507 | D:3      | Noticed Natasha
  3519 | D:3      | Killed Natasha
  3723 | D:3      | Noticed an ice beast
  3729 | D:3      | Killed an ice beast
  3730 | D:3      | Reached XP level 7. HP: 31/55 MP: 0/0
  3730 | D:3      | Learned a level 2 spell: Call Imp
  3911 | D:3      | Found an ornate altar of the Wu Jian Council.
  3911 | D:3      | Found a shadowy altar of Dithmenos.
  4330 | D:3      | Slain by an orc warrior

Illustrated notes

Levels and vault maps discovered:
D:1:      dpeg_arrival_rhombus, layout_rooms, dk_noncrumbling_4
D:2:      layout_loops_ring, serial_aquarium, aquarium_bridge_square
          [aquarium_subvault_window, aquarium_subvault_bridge,
          aquarium_subvault_window, aquarium_subvault_bridge],
          aquarium_bridge_straight [aquarium_subvault_bridge,
          aquarium_subvault_wall, aquarium_subvault_bridge,
          aquarium_subvault_balcony], aquarium_window_2,
          aquarium_window_corridor_2, aquarium_view_2g, aquarium_view_2d,
          aquarium_pool_split, kennysheep_cross_bottleneck,
          minmay_fractal_squares_gapless_5
D:3:      layout_basic, gammafunk_temple_overflow_statue,
          ebering_ecumenical_altar_sacrificial, minivault_27, uniq_natasha
D:4:      layout_loops_corners, serial_shops, shop_coins, shop, shop_statue,
          shop, shop, hangedman_decor_riveting, uniq_ijyb

Skill      XL: |  1  2  3  4  5 |
---------------+----------------+-----
Spellcasting   | 3 4 |  4.4
Fighting       | 4 5 |  5.8
Long Blades    | |  2.6

Action                   |  1- 3 |  4- 6 |  7- 9 || total
-------------------------+-------+-------+-------++-------
Melee: Falchion          |    27 |       |       ||    27
       Hand axe          |       |     1 |       ||     1
 Cast: Scorch            |    27 |    69 |     8 ||   104
Evoke: Wand              |       |     2 |       ||     2
  Use: Scroll            |       |     5 |     3 ||     8
Armor: Robe              |    17 |     4 |       ||    21
Dodge: Dodged            |    23 |    11 |       ||    34

Table legend: (Time is in decaauts)
 A = Elapsed time spent in this place.
 B = Non-inter-level travel time spent in this place.
 C = Inter-level travel time spent in this place.
 D = Time resting spent in this place.
 E = Time spent auto-exploring this place.
 F = Levels seen in this place.
 G = Mean time per level.
                   A        B        C        D        E       F      G
               +--------+--------+--------+--------+--------+-----+--------+
         Total |   4340 |   4274 |     66 |   2113 |    986 |   4 | 1085.0 |
       Dungeon |   4340 |   4274 |     66 |   2113 |    986 |   4 | 1085.0 |
               +--------+--------+--------+--------+--------+-----+--------+

Top non-repeatable levels by time:
     D:2: 1747 daAuts
     D:3: 1656 daAuts
     D:1: 929 daAuts
     D:4: 7 daAuts
